 Dungeon Crawl Stone Soup version 0.25-a0-294-gea9b1ad (webtiles) character file.

Game seed: 8845764605704844289, levelgen mode: deterministic

213 15 the Gusty (level 5, -2/29 HPs)
             Began as a Tengu Air Elementalist on Dec 18, 2019.
             Slain by a gnoll (5 damage)
             ... on level 3 of the Dungeon.
             The game lasted 00:13:39 (2920 turns).

15 the Gusty (Tengu Air Elementalist)               Turns: 2920, Time: 00:13:40

Health: -2/29      AC:  2    Str:  9    XL:     5   Next: 90%
Magic:  5/9        EV: 13    Int: 16    God:
Gold:   121        SH:  0    Dex: 14    Spells: 3/9 levels left

rFire    . . .     SeeInvis .   n - +2 short sword (venom)
rCold    . . .     Gourm    .   (no shield)
rNeg     . . .     Faith    .   a - +0 robe
rPois    .         Spirit   .   (helmet restricted)
rElec    .         Reflect  .   (no cloak)
rCorr    .         Harm     .   (no gloves)
MR       .....                  (boots unavailable)
Stlth    ++........             (no amulet)
HPRegen  0.09/turn              (no ring)
MPRegen  0.11/turn              (no ring)

@: no status effects
A: beak, talons 3, able to fly
a: Fly


You were on level 3 of the Dungeon.
You were hungry.

You visited 1 branch of the dungeon, and saw 3 of its levels.

You collected 121 gold pieces.

Inventory:

Hand Weapons
 e - a +0 trident
 h - a +0 whip
 n - a +2 short sword of venom (weapon)
Missiles
 d - 19 bolts
 g - 44 stones (quivered)
Armour
 a - a +0 robe (worn)
Scrolls
 f - a scroll of fear
 k - 2 scrolls of teleportation
 l - a scroll of blinking {unknown}
 m - a scroll of remove curse {unknown}
Potions
 b - a potion of heal wounds {unknown}
 i - a potion of brilliance
Comestibles
 c - 3 rations


   Skills:
 * Level 1.4 Fighting
 + Level 0.7 Short Blades
 + Level 0.3 Maces & Flails
 * Level 2.0 Armour
 * Level 3.3 Dodging
 + Level 2.5 Stealth
 + Level 2.5 Spellcasting
 * Level 3.0 Conjurations
 + Level 5.1 Air Magic


You had 3 spell levels left.
You knew the following spells:

 Your Spells              Type           Power        Failure   Level  Hunger
a - Shock                 Conj/Air       ###.         3%          1    #......
b - Swiftness             Chrm/Air       ##......     11%         2    ##.....
c - Static Discharge      Conj/Air       ###.....     11%         3    ###....

Your spell library contained the following spells:

 Spells                   Type           Power        Failure   Level  Hunger
 Airstrike                Air            ###.......   24%         4    #####..
 Lightning Bolt           Conj/Air       ###.......   71%         5    ######.


Dungeon Overview and Level Annotations

Branches:
Dungeon (3/15)

Altars:


Innate Abilities, Weirdness & Mutations

You have a beak for a mouth.
You have claws for feet.
You can fly continuously.


Message History

The gnoll hits you from afar with a +0 spear!
* * * LOW HITPOINT WARNING * * *
The gnoll hits you.
* * * LOW HITPOINT WARNING * * *
Casting: Shock (safe; 3% risk of failure)
Confirm with . or Enter, or press ? or * to list all spells.
Aiming: Shock (safe; 3% risk of failure)
Press: ? - help, Shift-Dir - straight line The zap misses the gnoll.
The zap misses the orc.
The zap misses the gnoll.
The zap hits the gnoll.
The gnoll is severely wounded.
You closely miss the gnoll.
The gnoll is heavily wounded.
The gnoll hits you.
* * * LOW HITPOINT WARNING * * *
The gnoll misses you.
You hit the gnoll.
The gnoll is poisoned.
Your kick misses the gnoll.
The gnoll is severely wounded.
The gnoll hits you.
You die...

#.#.#..#.##.......#.
#...........##....#.
###o##.g........####
#g###########...#.
#.# ###.#. #.# ...
#o# #o## #g# #o .
#@# . . ##.## . ##
##...## #.###.# #.#
#.# #### #.###.#
#... ##...#######
#... ##........#
####... #........#
#......


You could see 2 gnolls and 2 orcs.

Vanquished Creatures
  An orc priest (D:3)
  An orc wizard (D:3)
  A worker ant (D:2)
  3 gnolls (D:3)
  3 adders (D:3)
  A worm (D:2)
  3 leopard geckos
  7 orcs (D:3)
  A ball python (D:3)
  8 bats
  3 giant cockroaches
  3 goblins
  7 hobgoblins
  3 jackals (D:3)
  A quokka (D:3)
  5 frilled lizards
  4 kobolds
  13 rats
68 creatures vanquished.

Notes
Turn   | Place    | Note
-------+----------+-------------------------------------------
     0 | D:1      | 15 the Tengu Air Elementalist began the quest for the Orb.
     0 | D:1      | Reached XP level 1. HP: 10/10 MP: 4/4
   159 | D:1      | Reached XP level 2. HP: 10/15 MP: 0/6
   548 | D:1      | Learned a level 2 spell: Swiftness
   616 | D:1      | Reached XP level 3. HP: 8/20 MP: 0/7
   640 | D:1      | Learned a level 3 spell: Static Discharge
  1254 | D:2      | Reached skill level 1 in Armour
  1277 | D:2      | Reached XP level 4. HP: 24/24 MP: 5/8
  2091 | D:3      | Reached skill level 1 in Fighting
  2195 | D:3      | Gained mutation: You can fly continuously. [Tengu growth]
  2195 | D:3      | Reached XP level 5. HP: 29/29 MP: 3/9
  2216 | D:3      | HP: 1/29 [orc wizard/magic dart (6)]
  2217 | D:3      | Reached skill level 5 in Air Magic
  2920 | D:3      | Slain by a gnoll

Levels and vault maps discovered:
D:1:      tarquinn_simple_flora_water_c, layout_loops_cross,
          minmay_rat_gold_closets
D:2:      layout_loops_cross
D:3:      layout_loops_cross, first_ration

Skill      XL: |  1  2  3  4  5 |
---------------+----------------+-----
Conjurations   | 2 3 |  3.0
Armour         | 1 2 |  2.0
Dodging        | 3 |  3.3
Fighting       | 1 |  1.4
Air Magic      | 5 |  5.1
Short Blades   | |  0.7
Maces & Flails | |  0.3
Stealth        | |  2.5
Spellcasting   | |  2.5

Action                   |  1- 3 |  4- 6 || total
-------------------------+-------+-------++-------
Melee: Club              |     9 |       ||     9
       Dagger            |    17 |       ||    17
       Whip              |     5 |       ||     5
       Kick              |     5 |    12 ||    17
       Peck              |     1 |     8 ||     9
       Short sword       |       |    43 ||    43
 Cast: Shock             |    41 |    48 ||    89
       Static Discharge  |     1 |       ||     1
  Use: Scroll            |     3 |     5 ||     8
 Stab: Sleeping          |     4 |     3 ||     7
  Eat: Chunk             |     2 |     5 ||     7
Armor: Robe              |    10 |     6 ||    16
Dodge: Dodged            |    29 |    45 ||    74

Table legend:
 A = Non-vault XP
 B = Vault XP
 C = Vault XP percentage of total XP
 D = Non-vault monster count
 E = Vault monster count
 F = Vault count percentage of total count
                 A         B        C        D         E       F
            +---------+---------+-------+---------+---------+-------
      Total |     299 |       6 |   2.0 |      62 |       6 |   8.8
            +---------+---------+-------+---------+---------+-------
        D:1 |      35 |       6 |  14.6 |      21 |       6 |  22.2
        D:2 |      50 |       0 |   0.0 |      10 |       0 |   0.0
        D:3 |     214 |       0 |   0.0 |      31 |       0 |   0.0
            +---------+---------+-------+---------+---------+-------
